 Dungeon Crawl Stone Soup version 0.31-a0-365-gcf821cafb2 (webtiles) character file.

Game seed: 15319175129517516711

1 drugrobin the Sneak (level 1, -6/18 HPs)
             Began as a Demigod Delver on July 27, 2023.
             Splashed by a jelly's acid (11 damage)
             ... on level 4 of the Dungeon.
             The game lasted 00:02:00 (125 turns).

drugrobin the Sneak (Demigod Delver)                 Turns: 125, Time: 00:02:01

Health: -6/18      AC: -1    Str: 13    XL:     1   Next: 13%
Magic:  3/3        EV: 11    Int: 12    God:
Gold:   0          SH:  0    Dex: 15    Spells: 0/0 levels left

rFire   . . .        a - +0 hand axe
rCold   . . .        (no shield)
rNeg    . . .        b - +0 leather armour
rPois   .            (no helmet)
rElec   .            (no cloak)
rCorr   .            (no gloves)
SInv    .            (no boots)
Will    .....        (no amulet)
Stlth   +++          (no ring)
HPRegen 0.23/turn    (no ring)
MPRegen 0.08/turn

%: no passive effects
@: corroded, hasted, very quick
A: high MP 1, forlorn, divine attributes
a: no special abilities


You were on level 4 of the Dungeon.
You visited 1 branch of the dungeon, and saw 2 of its levels.

Inventory:

Hand Weapons
 a - a +0 hand axe (weapon)
Armour
 b - a +0 leather armour (worn)
Wands
 g - a wand of digging (3)
Scrolls
 c - a scroll of fog
 d - a scroll of revelation
 e - a scroll of fear


   Skills:
 - Level 2.6 Fighting
 + Level 1.9 Axes
 - Level 1.7 Dodging
 - Level 4.5 Stealth


You couldn't memorise any spells.
You didn't know any spells.
Your spell library was empty.

Dungeon Overview and Level Annotations

Branches:
Dungeon (5/15)
 Temple: D:4-7

Annotations:
D:5 exclusion: hound


Innate Abilities, Weirdness & Mutations

You have an increased reservoir of magic. (+10% MP)
You shall have no god before yourself.
Your divine heritage dramatically boosts your attributes as you level up.


Message History

Unknown command.
Unknown command.
Really walk into a travel-excluded area?
Okay, then.
Really walk into a travel-excluded area?
The jelly quivers.
Found a scroll labelled COCOLIVUURGH.
A scorpion comes into view.
Found 4 stones.
Unknown command.
Unknown command.
Unknown command.
Unknown command.
The jelly jiggles.
A hobgoblin comes into view.
The hobgoblin shouts!
Unknown command.
An adder comes into view.
An iguana comes into view.
Unknown command.
You closely miss the hobgoblin. The hobgoblin hits you.
Unknown command.
Unknown command.
You hit the hobgoblin.
The hobgoblin is severely wounded.
The hobgoblin hits you but does no damage. x2
Unknown command.
Unknown command.
You hit the hobgoblin.
You kill the hobgoblin!
You hit the jelly but do no damage.
Your hands burn!
The jelly hits you. The acid corrodes you!
You are splashed with acid!
Unknown command.
Unknown command.
Unknown command.
You feel yourself speed up. The jelly hits you.
* * * LOW HITPOINT WARNING * * *
You are splashed with acid!
Ouch! That really hurt!
You die...

######.#####################
+.......Jg........S.
#######.####..######
#.####........
#g##......#..# #.##g##.#.# l
#.##.# .#.# #.##.##J# # #.
#..@.# ######


You could see a jelly.

Vanquished Creatures
  A hobgoblin (D:4)
1 creature vanquished.

Notes
Turn   | Place    | Note
-------+----------+-------------------------------------------
     0 | D:5      | drugrobin the Demigod Delver began the quest for the Orb.
     0 | D:5      | Reached XP level 1. HP: 18/18 MP: 3/3
     3 | D:5      | Noticed a hound
    18 | D:4      | Noticed a jelly
    65 | D:4      | Noticed a scorpion
   112 | D:4      | Noticed an iguana
   125 | D:4      | Splashed by a jelly's acid

Illustrated notes

Levels and vault maps discovered:
D:4:      layout_basic, nicolae_uskayaw_suspiria, hex_intersection,
          guppyfry_shop_venom
D:5:      layout_cave_pools, uniq_edmund, uniq_grinder, uniq_sigmund

Action                     || total
---------------------------++-------
  Melee: Hand axe          ||     3
    Use: Potion            ||     1
 Armour: Leather armour    ||     2

Table legend: (Time is in decaauts)
 A = Elapsed time spent in this place.
 B = Non-inter-level travel time spent in this place.
 C = Inter-level travel time spent in this place.
 D = Time resting spent in this place.
 E = Time spent auto-exploring this place.
 F = Levels seen in this place.
 G = Mean time per level.
                   A        B        C        D        E       F      G
               +--------+--------+--------+--------+--------+-----+--------+
         Total |    126 |    123 |      3 |      0 |      0 |   2 |   63.0 |
       Dungeon |    126 |    123 |      3 |      0 |      0 |   2 |   63.0 |
               +--------+--------+--------+--------+--------+-----+--------+

Top non-repeatable levels by time:
     D:4: 106 daAuts
     D:5: 19 daAuts
